 Dungeon Crawl Stone Soup version 0.25-a0-362-g90ccd6aac3 (console) character file.

Game seed: 5373192907191840315, levelgen mode: deterministic

77 Kagalorn the Sneak (level 4, -15/38 HPs)
             Began as a Naga Arcane Marksman on Jan 4, 2020.
             Demolished by an ogre
             ... wielding a +0 giant club
              (18 damage)
             ... on level 2 of the Dungeon.
             The game lasted 00:05:58 (2227 turns).

Kagalorn the Sneak (Naga Arcane Marksman)           Turns: 2227, Time: 00:05:59

Health: -15/38     AC:  2    Str: 13    XL:     4   Next: 34%
Magic:  0/5        EV:  7    Int: 14    God:
Gold:   109        SH:  3    Dex: 11    Spells: 4/5 levels left

rFire    . . .     SeeInvis +   (no weapon)
rCold    . . .     Gourm    .   i - +0 buckler (curse)
rNeg     . . .     Faith    .   e - +0 robe
rPois    +         Spirit   +   (no helmet)
rElec    .         Reflect  .   b - scarf {Spirit}
rCorr    .         Harm     .   (no gloves)
MR       .....                  (no barding)
Stlth    +++.......             (no amulet)
HPRegen  0.12/turn              n - -2 ring of evasion (curse)
MPRegen  0.09/turn              (no ring)

@: very slow
A: large, see invisible, deformed body, poison resistance, slowness 2, slow
metabolism 1, spit poison 1, AC +1
a: Spit Poison


You were on level 2 of the Dungeon.
You were hungry.

You visited 1 branch of the dungeon, and saw 2 of its levels.

You collected 109 gold pieces.

Inventory:

Hand Weapons
 a - a +0 trident
 q - a +2 dagger of holy wrath
 s - a +0 hand crossbow
Missiles
 c - 75 stones
 d - 20 bolts
 l - 2 datura-tipped darts
 m - 14 poisoned darts (quivered)
Armour
 b - a scarf of spirit shield (worn)
 e - a +0 robe (worn)
 i - a cursed +0 buckler (worn)
Jewellery
 n - a cursed -2 ring of evasion (left hand)
Scrolls
 k - a scroll of fear {unknown}
Potions
 g - 2 potions of magic
 h - a potion of flight
 j - a potion of might
 o - a potion of degeneration {unknown}
 p - a potion of curing {unknown}
Comestibles
 f - 3 rations


   Skills:
 - Level 1.0 Fighting
 * Level 2.4 Crossbows
 - Level 1.5 Dodging
 - Level 5.0 Stealth
 * Level 0.6 Shields
 - Level 1.0 Spellcasting
 - Level 3.0 Hexes


You had 4 spell levels left.
You knew the following spells:

 Your Spells              Type           Power        Failure   Level  Hunger
a - Corona                Hex            #......      11%         1    ##.....

Your spell library contained the following spells:

 Spells                   Type           Power        Failure   Level  Hunger
 Slow                     Hex            #.......     17%         2    ###....
 Inner Flame              Hex/Fire       #.......     52%         3    ####...
 Portal Projectile        Hex/Tloc       #.....       52%         3    ####...
 Cause Fear               Hex            #.........   73%         4    #####..
 Leda's Liquefaction      Hex/Erth       #.........   90%         4    #####..


Dungeon Overview and Level Annotations

Branches:
Dungeon (2/15)

Altars:


Innate Abilities, Weirdness & Mutations

You cannot wear boots.
Your serpentine skin is tough. (AC +1)
You have supernaturally acute eyesight. (SInv)
Armour fits poorly on your strangely shaped body.
Your system is resistant to poisons. (rPois)
You cover ground very slowly.
You have a slow metabolism.
You can spit poison.


Message History

You throw a poisoned dart. The poisoned dart hits the ogre.
The ogre is heavily wounded.
You have got your breath back.
The ogre hits you with a +0 giant club!
* * * LOW HITPOINT WARNING * * *
Throwing (i - inventory. (/) - cycle)
m - 16 poisoned darts (quivered)
Press: ? - help, Shift-Dir - straight line, f/p - ogre
Aim: an ogre, wielding a +0 giant club (heavily wounded, very poisoned)
You throw a poisoned dart. The poisoned dart hits the ogre.
The ogre looks as sick as possible!
The ogre is heavily wounded.
The ogre barely misses you.
Throwing (i - inventory. (/) - cycle)
m - 15 poisoned darts (quivered)
Press: ? - help, Shift-Dir - straight line, f/p - ogre
Aim: an ogre, wielding a +0 giant club (heavily wounded, extremely poisoned)
You throw a poisoned dart. The poisoned dart hits the ogre.
The ogre looks as sick as possible!
The ogre is heavily wounded.
The ogre hits you with a +0 giant club!!
You die...

.....# #.# #...#
#(# #####.## #.#
#....... #(#
#.##...# #(#
#.##.... #.#
#######.##...# #O#
#.......#.....
#@###.#######.##.#
#....†# ###.##.#
####..# #.......
#..# #.#.##.# #..#
#....... #..#
#.#..... #..#
#.##.#.. #...
#.##.### #.#.#
#)##.###


You could see an ogre.

Vanquished Creatures
  2 adders (D:2)
  An ooze (D:2)
  A worm (D:1)
  A dart slug (D:1)
  A leopard gecko (D:1)
  6 bats
  2 giant cockroaches (D:1)
  8 goblins
  5 hobgoblins
  3 jackals (D:1)
  A quokka (D:2)
  4 frilled lizards
  6 kobolds
  8 rats (D:1)
49 creatures vanquished.

Notes
Turn   | Place    | Note
-------+----------+-------------------------------------------
     0 | D:1      | Kagalorn the Naga Arcane Marksman began the quest for the
                  | Orb.
     0 | D:1      | Reached XP level 1. HP: 18/18 MP: 2/2
    27 | D:1      | Reached skill level 1 in Stealth
    73 | D:1      | Reached skill level 2 in Stealth
    78 | D:1      | Reached XP level 2. HP: 20/25 MP: 3/3
   121 | D:1      | Reached skill level 3 in Stealth
   792 | D:1      | Reached skill level 4 in Stealth
   807 | D:1      | Reached XP level 3. HP: 24/31 MP: 4/4
  1688 | D:2      | Reached skill level 5 in Stealth
  1688 | D:2      | Reached XP level 4. HP: 9/38 MP: 5/5
  2215 | D:2      | Noticed an ogre
  2227 | D:2      | Demolished by an ogre

Levels and vault maps discovered:
D:1:      evilmike_arrival_run_for_it, layout_basic
D:2:      layout_loops_ring, lemuel_zombie_altar_yredelemnul, first_ration

Skill      XL: |  1  2  3 |
---------------+----------+-----
Stealth        | 2 4 5 |  5.0
Crossbows      | 2 |  2.4
Fighting       | |  1.0
Dodging        | |  1.5
Shields        | |  0.6
Spellcasting   | |  1.0
Hexes          | |  3.0

Action                   |  1- 3 |  4- 6 || total
-------------------------+-------+-------++-------
Melee: Dagger            |   154 |    22 ||   176
       Trident           |       |     4 ||     4
Throw: Dart              |    19 |    11 ||    30
 Abil: Spit Poison       |    10 |     3 ||    13
  Use: Scroll            |     3 |       ||     3
 Stab: Sleeping          |     5 |     1 ||     6
  Eat: Chunk             |     2 |     1 ||     3
Armor: Robe              |    22 |       ||    22
Dodge: Dodged            |    64 |     8 ||    72
Block: Buckler           |     4 |     4 ||     8

Table legend:
 A = Non-vault XP
 B = Vault XP
 C = Vault XP percentage of total XP
 D = Non-vault monster count
 E = Vault monster count
 F = Vault count percentage of total count
                 A         B        C        D         E       F
            +---------+---------+-------+---------+---------+-------
      Total |     106 |       5 |   4.5 |      48 |       1 |   2.0
            +---------+---------+-------+---------+---------+-------
        D:1 |      55 |       5 |   8.3 |      33 |       1 |   2.9
        D:2 |      51 |       0 |   0.0 |      15 |       0 |   0.0
            +---------+---------+-------+---------+---------+-------
